 Dungeon Crawl Stone Soup version 0.31.0-32-g396128a36d (webtiles) character file.

Game seed: 11870774046493692367

104 PaiMei the Grave Robber (level 4, -2/30 HPs)
             Began as a Demonspawn Necromancer on Apr 5, 2024.
             Blown up by Ijyb (17 damage)
             ... with a mindburst bolt
             ... on level 3 of the Dungeon.
             The game lasted 00:03:09 (2839 turns).

PaiMei the Grave Robber (Demonspawn Necromancer)    Turns: 2839, Time: 00:03:10

Health: -2/30      AC:  9    Str: 12    XL:     4   Next: 52%
Magic:  7/8        EV: 13    Int: 21    God:
Gold:   107        SH:  0    Dex: 18    Spells: 7/8 levels left

rFire   . . .        l - +4 falchion
rCold   . . .        (no shield)
rNeg    . . .        k - +4 robe of Augmentation {Str+4 Int+4 Dex+4}
rPois   .            (no helmet)
rElec   .            m - scarf {shadows}
rCorr   .            (no gloves)
SInv    .            i - +0 pair of boots
Will    .....        (no amulet)
Stlth   ++           (no ring)
HPRegen 0.25/turn    (no ring)
MPRegen 0.11/turn

%: no passive effects
@: no status effects
A: yellow scales 1, foul stench 1
a: no special abilities


You were on level 3 of the Dungeon.
You visited 1 branch of the dungeon, and saw 3 of its levels.

You collected 107 gold pieces.

Inventory:

Hand Weapons
 l - a +4 falchion (weapon)
Missiles
 f - a throwing net
Armour
 i - a +0 pair of boots (worn)
 k - the +4 robe of Augmentation (worn) {Str+4 Int+4 Dex+4}
   (You found it on level 2 of the Dungeon)

   Str+4:     It affects your strength (+4).
   Int+4:     It affects your intelligence (+4).
   Dex+4:     It affects your dexterity (+4).
 m - a scarf of shadows (worn)
Scrolls
 a - a scroll of enchant armour {unknown}
 c - a scroll of blinking {unknown}
 e - a scroll of immolation {unknown}
 g - a scroll of identify {unknown}
 n - a scroll of teleportation {unknown}
Potions
 b - a potion of magic
 d - 7 potions of curing {unknown}
 h - 2 potions of enlightenment {unknown}
 j - a potion of brilliance {unknown}
 o - a potion of cancellation {unknown}
 p - a potion of heal wounds {unknown}


   Skills:
 + Level 2.6 Dodging
 + Level 2.7 Stealth
 + Level 2.8 Spellcasting
 + Level 5.0 Necromancy


You had 7 spell levels left.
You knew the following spells:

 Your Spells              Type           Power      Damage    Failure   Level
a - Necrotise             Necr           96%        1d8       1%          1

Your spell library contained the following spells:

 Spells                   Type           Power      Damage    Failure   Level
 Vampiric Draining        Necr           24%        2d7       5%          3
 Animate Dead             Necr           24%        N/A       17%         4
 Curse of Agony           Necr           24%        N/A       43%         5


Dungeon Overview and Level Annotations

Branches:
Dungeon (3/15)

Altars:

Shops:
D:2 [

Annotations:
D:3 Ijyb, Robin


Innate Abilities, Weirdness & Mutations

You are partially covered in yellow scales. (AC +2)
You may rarely emit foul miasma when damaged in melee.


Message History

Casting: Necrotise (safe; 1% risk of failure)
Confirm with . or Enter, or press ? or * to list all spells.
Aiming: Necrotise (safe; 1% risk of failure)
Press: ? - help, Shift-Dir - straight line, f - goblin
Aim: a goblin, wielding a +0 club (chance to affect: 92%)
The goblin writhes in agony.
You kill the goblin!
The hobgoblin shouts!
The dead are walking!
You hear a shout!
A goblin comes into view. It is wielding a +0 dagger.
Robin throws the goblin at you!
A goblin comes into view. It is wielding a +1 dagger of venom.
You hear a shout!
Casting: Necrotise (safe; 1% risk of failure)
Confirm with . or Enter, or press ? or * to list all spells.
Aiming: Necrotise (safe; 1% risk of failure)
Press: ? - help, Shift-Dir - straight line, f - goblin
Aim: a goblin, wielding a +0 dagger of electrocution (chance to affect: 92%)
The goblin writhes in agony.
You kill the goblin!
The dead are walking!
A hobgoblin comes into view.
A goblin comes into view. It is wielding a +0 club.
Ijyb the Twisted Goblin comes into view.
She is wielding a +0 dagger and carrying a wand of mindburst.
Robin throws Ijyb at you!
The goblin hits your goblin skeleton with a +0 dagger.
Your goblin skeleton closely misses the goblin.
The goblin hits your goblin skeleton with a +0 club.
Ijyb hits you but does no damage.
The goblin barely misses something.
The hobgoblin hits your goblin skeleton.
Your goblin skeleton is destroyed!
Ijyb completely misses you.
Ijyb zaps a wand.
You barely resist.
Ijyb zaps a wand.
Your mind is blasted!
Ouch! That really hurt!
Ijyb zaps a wand.
Your mind is blasted!
Ouch! That really hurt!
You die...

########### #.........#
#.........# #.........#
##.........# ##
##..........# ###.
#####..#####@#### ##...
####.....## #.# #....
#....##### #.# #####.#..
#<#############.###
##≈≈≈~≈~.. #.#
.8.8.8...#gg.# ##≈≈≈~~≈~..
#.# ..g..g.g.g...##
≈≈≈≈≈~~≈≈≈~ #.#
...g.ggZ#.)...####≈≈≈≈~~≈~~
#.#
.g..g.g.#......#######~≈~≈.
#.#
.g...gZ.#..........##~~~≈~~


You could see Ijyb, a hobgoblin and a goblin.

Vanquished Creatures
  4 adders
  2 dart slugs (D:1)
  An orc (D:3)
  3 ball pythons (D:1)
  7 bats
  8 endoplasms
  A giant cockroach (D:1)
  10 goblins
  6 hobgoblins
  A quokka (D:3)
  6 frilled lizards
  5 kobolds
  2 rats
56 creatures vanquished.

Vanquished Creatures (collateral kills)
  A dart slug (D:2)
  A ribbon worm (D:3)
  A ball python (D:3)
3 creatures vanquished.

Grand Total: 59 creatures vanquished

Notes
Turn   | Place    | Note
-------+----------+-------------------------------------------
     0 | D:1      | PaiMei the Demonspawn Necromancer began the quest for the
                  | Orb.
     0 | D:1      | Reached XP level 1. HP: 13/13 MP: 3/3
   247 | D:1      | Gained mutation: You may rarely emit foul miasma when
                  | damaged in melee. [demonic ancestry]
   247 | D:1      | Reached XP level 2. HP: 15/19 MP: 0/5
   995 | D:1      | Gained mutation: You are partially covered in yellow
                  | scales. (AC +2) [demonic ancestry]
   995 | D:1      | Reached XP level 3. HP: 16/24 MP: 0/6
  1177 | D:2      | Found the +4 robe of Augmentation {Str+4 Int+4 Dex+4}
  1257 | D:2      | Found a faded altar of an unknown god.
  1479 | D:2      | Found Meniozent's Antique Armour Boutique.
  1766 | D:2      | Reached XP level 4. HP: 30/30 MP: 2/7
  2484 | D:3      | Reached skill level 5 in Necromancy
  2829 | D:3      | Noticed Robin
  2831 | D:3      | Noticed Ijyb
  2839 | D:3      | Blown up by Ijyb

Illustrated notes

Levels and vault maps discovered:
D:1:      elethiomel_arrival_quiet, layout_loops_ring, minmay_tromino_v4_b
D:2:      layout_loops_ring, serial_shops, shop, shapermc_ecumenical_altar_gd
D:3:      kennysheep_the_goblin_king, layout_rooms,
          chequers_serial_rivers_large_a, uniq_robin

Skill      XL: |  1  2  3  4 |
---------------+-------------+-----
Dodging        | 2 |  2.6
Stealth        | 2 |  2.7
Necromancy     | 5 |  5.0
Spellcasting   | |  2.8

Action                     |  1- 3 |  4- 6 || total
---------------------------+-------+-------++-------
  Melee: Hand axe          |    12 |       ||    12
         Falchion          |       |     1 ||     1
   Cast: Necrotise         |    78 |    35 ||   113
 Armour: Robe              |    15 |    11 ||    26
  Dodge: Dodged            |    20 |    20 ||    40
